 Dungeon Crawl Stone Soup version 0.27-a0-1193-g8631133539 (webtiles) character file.

Game seed: 8847472862002497145

2165 freelancePsychic the Skirmisher (level 9, -28/68 HPs)
             Began as a Djinni Venom Mage on May 25, 2021.
             Was an Initiate of Makhleb.
             Killed from afar by a gargoyle (31 damage)
             ... with a stone arrow
             ... on level 7 of the Dungeon.
             The game lasted 00:19:09 (9571 turns).

freelancePsychic the Skirmisher (Djinni Venom Mage) Turns: 9571, Time: 00:19:10

Health: -28/68     AC:  2    Str:  7    XL:     9   Next: 57%
Gold:   825        EV: 14    Int: 19    God:    Makhleb [......] SH:  0 Dex: 15

rFire    + + +     SeeInvis .   d - +4 short sword (elec)
rCold    x . .     Faith    .   (no shield)
rNeg     . . .     Spirit   .   a - +0 robe
rPois    ∞         Reflect  .   (no helmet)
rElec    .         Harm     .   (no cloak)
rCorr    .         Rampage  .   (no gloves)
Will     .....                  (boots unavailable)
Stlth    ++........             (no amulet)
HPRegen  0.21/turn              f - ring of protection from fire
MPRegen  0.00/turn              (no ring)

@: flying
A: sickness immunity, fire resistance 2, cold vulnerability 1, float, innate
caster, hp casting, extra vitality 1
a: Renounce Religion


You were on level 7 of the Dungeon.
You worshipped Makhleb.
Makhleb was noncommittal.
You visited 1 branch of the dungeon, and saw 7 of its levels.

You collected 825 gold pieces.

Inventory:

Hand Weapons
 d - a +4 short sword of electrocution (weapon)
Armour
 a - a +0 robe (worn)
Jewellery
 b - a ring of fire
 f - a ring of protection from fire (left hand)
 g - an amulet of magic regeneration
 i - the ring "Udig" {Will+ Int+6}
   (You took it off a centaur on level 5 of the Dungeon)

   [ring of intelligence]

   It affects your intelligence (+6).
   It increases your willpower.
 j - an amulet of guardian spirit
 w - a ring of see invisible
Wands
 p - a wand of acid (7)
 r - a wand of polymorph (6)
Scrolls
 h - a scroll of immolation
 m - 2 scrolls of fear
 n - 3 scrolls of teleportation {@r4}
 s - a scroll of holy word {unknown}
 t - a scroll of amnesia {unknown}
 v - a scroll of enchant armour {unknown}
 y - a scroll of silence
 z - 2 scrolls of vulnerability {unknown}
Potions
 c - a potion of ambrosia {unknown}
 e - a potion of lignification {unknown}
 k - 2 potions of haste {@q3}
 l - 2 potions of attraction {unknown}
 o - 3 potions of might
 q - 2 potions of curing {@q1}
 x - a potion of cancellation {unknown}
 A - a potion of mutation {unknown}


   Skills:
 + Level 7.3 Fighting
 - Level 0.8 Short Blades
 + Level 5.6 Dodging
 - Level 1.5 Stealth
 - Level 6.6 Spellcasting


You couldn't memorise any spells.
You knew the following spells:

 Your Spells              Type           Power      Damage    Failure   Level
a - Summon Ice Beast      Ice/Summ       31%        N/A       7%          4
b - Poisonous Vapours     Pois/Air       62%        N/A       1%          2
c - Ignite Poison         Fire/Tmut/Pois 31%        N/A       1%          3
d - Olgreb's Toxic Radia  Pois           31%        N/A       7%          4
e - Mephitic Cloud        Conj/Pois/Air  31%        N/A       1%          3
f - Pain                  Necr           100%       1d9       1%          1
g - Corpse Rot            Necr/Air       N/A        N/A       1%          2
h - Dazzling Flash        Conj/Hex       62%        N/A       1%          3
i - Sting                 Tmut/Pois      100%       1d8       1%          1
Your spell library was empty.

Dungeon Overview and Level Annotations

Branches:
Dungeon (7/15)             Temple (0/1) D:7

Altars:
Cheibriados
Fedhas
Gozag
Kikubaaqudgha
Makhleb
Okawaru
Ru
Vehumet
Zin
The Shining One

Shops:
D:4 =   D:5 *

Annotations:
D:3 Sigmund


Innate Abilities, Weirdness & Mutations

You are immune to sickness and miasma.
You are immune to poison.
Your flesh is very heat resistant. (rF++)
You are vulnerable to cold. (rC-)
You float through the air rather than walking.
You learn spells naturally, not from books.
Your magical power is your life essence.
You have superior vitality. (+4 HP)


Message History

g - Guard the area. f - Follow me.
Anything else - Cancel.
Gang up on whom?
Press: ? - help, Dir - move target, f - gargoyle
Aim: a gargoyle, wielding a +0 vorpal flail (ally target) Attack!
The gargoyle hits your ice beast with a +0 vorpal flail!
Your ice beast hits the gargoyle.
Your ice beast freezes the gargoyle!
Your ice beast barely misses the gargoyle.
The gargoyle hits your ice beast with a +0 vorpal flail!
Your ice beast dies!
Your ice beast hits the gargoyle but does no damage.
Your ice beast hits the gargoyle but does no damage.
Casting: Summon Ice Beast (dangerous; 7% risk of failure)
Confirm with . or Enter, or press ? or * to list all spells.
Aiming: Mephitic Cloud (safe; 1% risk of failure)
Press: ? - help, Shift-Dir - straight line, p - gargoyle The ball explodes into a vile cloud!
The stinking cloud engulfs the gargoyle but does no damage.
The gargoyle is moderately damaged.
You hear a shout! x2
The gargoyle hurls a stone arrow at you.
The stone arrow hits you!!
Your ice beast hits the gargoyle but does no damage.
Casting: Mephitic Cloud (safe; 1% risk of failure)
Confirm with . or Enter, or press ? or * to list all spells.
You ignite the poison in your surroundings!
The gargoyle is engulfed in blazing flames.
The gargoyle is engulfed in blazing flames.
There is a sacrificial altar of Ru here.
Casting: Ignite Poison (safe; 1% risk of failure)
Confirm with . or Enter, or press ? or * to list all spells.
A chill wind blows around you.
The gargoyle hurls a stone arrow at you.
The stone arrow hits you!!
* * * LOW HITPOINT WARNING * * *
Your ice beast hits the gargoyle but does no damage.
The gargoyle hurls a stone arrow at you.
The stone arrow hits you!!
You die...

#######............####.+..>.
(..........# #.⌠.⌠
...........# #....
.######.###### ###+#
#...........# #.####.####.#
#.......#.# #.##.##.#.#
#.#.#@#Y..#.#Y###
#.......9....°..#
###.#.#...#.#.#.#
#.#.##.##.#.#.# #
#.......#.#9# ####.####.#..
... ..##. #.# ### .. ... ..


You could see a gargoyle.

Vanquished Creatures
  A water moccasin (D:5)
  2 hornet zombies
  2 sky beasts
  A necrophage (D:4)
  4 ogres
  2 centaurs (D:5)
  A phantom (D:5)
  Blork the orc (D:6)
  A scorpion (D:5)
  2 wyvern zombies
  3 wyvern skeletons (D:6)
  2 howler monkeys
  A gnoll shaman (D:6)
  4 hounds
  2 jellies
  Ijyb (D:4)
  A centaur skeleton (D:7)
  3 iguanas
  Terence (D:2)
  A killer bee zombie (D:7)
  3 gnolls (D:6)
  6 adders
  A white imp (D:6)
  2 ufetubi
  2 worms
  15 orcs
  2 ball pythons (D:1)
  9 endoplasms
  2 giant cockroaches
  6 goblins
  4 hobgoblins
  2 jackals (D:2)
  8 quokkas
  2 bats (D:2)
  3 frilled lizards
  5 kobolds
  4 rats
112 creatures vanquished.

Vanquished Creatures (others)
  16 plants (D:4)
16 creatures vanquished.

Grand Total: 128 creatures vanquished

Notes
Turn   | Place    | Note
-------+----------+-------------------------------------------
     0 | D:1      | freelancePsychic the Djinni Venom Mage began the quest for
                  | the Orb.
     0 | D:1      | Reached XP level 1. HP: 15/15 MP: 0/0
   230 | D:1      | Reached XP level 2. HP: 11/22 MP: 0/0
   958 | D:1      | Reached skill level 1 in Fighting
  1010 | D:1      | Reached XP level 3. HP: 26/27 MP: 0/0
  1010 | D:1      | Learned a level 1 spell: Pain
  1766 | D:2      | Found a blossoming altar of Fedhas.
  2251 | D:2      | Noticed Terence
  2262 | D:2      | Killed Terence
  2263 | D:2      | Reached XP level 4. HP: 23/33 MP: 0/0
  2912 | D:3      | Noticed Sigmund
  3178 | D:4      | Found Miqelior's Jewellery Boutique.
  3288 | D:4      | Reached skill level 2 in Fighting
  3288 | D:4      | Reached XP level 5. HP: 27/38 MP: 0/0
  3288 | D:4      | Learned a level 2 spell: Corpse Rot
  3722 | D:4      | Reached XP level 6. HP: 41/45 MP: 0/0
  3831 | D:4      | Noticed Ijyb
  3857 | D:4      | Killed Ijyb
  3928 | D:4      | Noticed a necrophage
  3933 | D:4      | Killed a necrophage
  3934 | D:4      | Reached skill level 3 in Fighting
  4125 | D:4      | Found a glowing golden altar of the Shining One.
  4320 | D:5      | Entered Level 5 of the Dungeon
  4320 | D:5      | Noticed an ogre
  4340 | D:4      | Killed an ogre
  4341 | D:4      | Reached XP level 7. HP: 19/50 MP: 0/0
  4341 | D:4      | Learned a level 3 spell: Dazzling Flash
  4901 | D:5      | Reached skill level 5 in Spellcasting
  5631 | D:5      | Reached skill level 4 in Fighting
  6038 | D:5      | Reached XP level 8. HP: 36/58 MP: 0/0
  6322 | D:5      | Identified a scroll of acquirement
  6323 | D:5      | Acquired 587 gold pieces
  6548 | D:5      | Identified the ring "Udig" {Will+ Int+6}
  6552 | D:5      | Reached skill level 5 in Fighting
  6764 | D:5      | Found Isitezuq's General Store.
  6804 | D:5      | Found a snail-covered altar of Cheibriados.
  6812 | D:5      | HP: 2/59 [wyvern zombie (1)]
  7437 | D:5      | Found a burning altar of Makhleb.
  7494 | D:5      | Found an iron altar of Okawaru.
  7494 | D:5      | Found an opulent altar of Gozag.
  7501 | D:5      | Became a worshipper of Makhleb the Destroyer
  8029 | D:6      | Reached XP level 9. HP: 35/66 MP: 0/0
  8029 | D:6      | Learned a level 4 spell: Summon Ice Beast
  8219 | D:6      | Reached skill level 6 in Fighting
  8649 | D:6      | Noticed Blork the orc
  8653 | D:6      | Killed Blork the orc
  8859 | D:6      | Reached skill level 7 in Fighting
  8859 | D:6      | Reached skill level 5 in Dodging
  9004 | D:6      | Found a glowing silver altar of Zin.
  9282 | D:7      | Found a staircase to the Ecumenical Temple.
  9538 | D:7      | Found a sacrificial altar of Ru.
  9552 | D:7      | Noticed a gargoyle
  9570 | D:7      | HP: 3/68 [gargoyle/stone arrow (21)]
  9571 | D:7      | Killed from afar by a gargoyle

Illustrated notes

Levels and vault maps discovered:
D:1:      wander_arrival_chamber, layout_basic
D:2:      layout_rooms, basic_altar, kennysheep_generic_room_6, uniq_terence
D:3:      layout_loops_corners, uniq_sigmund
D:4:      layout_gridville, general_overflow_altar, lemuel_tele_altar,
          serial_bayou, serial_bayou_pond_d, serial_bayou_pond_a,
          serial_bayou_pond_c, serial_bayou_ford_a, serial_bayou_lagoon_a,
          serial_shops, nicolae_shop_crystal, uniq_ijyb
D:5:      layout_loops_ring, minmay_overflow_temple_star_hex, serial_shops,
          kennysheep_mini, kennysheep_pointless_box, grunt_ministairs_13
D:6:      layout_basic, lemuel_crystal_altar, hex_intersection,
          uniq_blork_the_orc
D:7:      layout_basic, nicolae_ru_sacrificial_ziggurat, kennysheep_mini_moat,
          minmay_temple_entry_hall, minivault_22

Skill      XL: |  1  2  3  4  5  6  7  8  9 |
---------------+----------------------------+-----
Fighting       | 1 2 3 4 5 7 |  7.3
Spellcasting   | 3 4 5 6 |  6.6
Dodging        | 3 5 |  5.6
Short Blades   | |  0.8
Stealth        | |  1.5

Action                   |  1- 3 |  4- 6 |  7- 9 || total
-------------------------+-------+-------+-------++-------
Melee: Short sword       |    22 |    11 |    38 ||    71
 Cast: Sting             |    29 |     2 |       ||    31
       Poisonous Vapours |    23 |    37 |    39 ||    99
       Ignite Poison     |       |     3 |    39 ||    42
       Mephitic Cloud    |       |     3 |    19 ||    22
       Dazzling Flash    |       |       |     9 ||     9
       Olgreb's Toxic Ra |       |       |    13 ||    13
       Summon Ice Beast  |       |       |     4 ||     4
  Use: Scroll            |     3 |       |     9 ||    12
 Stab: Sleeping          |     1 |       |       ||     1
       Confused          |       |       |     1 ||     1
       Invisible         |       |       |     1 ||     1
Armor: Robe              |     3 |     1 |     9 ||    13
Dodge: Dodged            |    10 |     3 |    54 ||    67

Table legend: (Time is in decaauts)
 A = Elapsed time spent in this place.
 B = Non-inter-level travel time spent in this place.
 C = Inter-level travel time spent in this place.
 D = Time resting spent in this place.
 E = Time spent auto-exploring this place.
 F = Levels seen in this place.
 G = Mean time per level.
                   A        B        C        D        E       F      G
               +--------+--------+--------+--------+--------+-----+--------+
         Total |   9582 |   9321 |    261 |   2168 |   6333 |   7 | 1368.9 |
       Dungeon |   9582 |   9321 |    261 |   2168 |   6333 |   7 | 1368.9 |
               +--------+--------+--------+--------+--------+-----+--------+

Top non-repeatable levels by time:
     D:4: 2747 daAuts
     D:5: 2265 daAuts
     D:1: 1703 daAuts
     D:6: 1178 daAuts
     D:2: 844 daAuts
     D:7: 447 daAuts
     D:3: 394 daAuts
